 Dungeon Crawl Stone Soup version 0.17-a0-2127-g1cb09f6 (webtiles) character file.

26 wvc the Magician (level 2, 0/22 HPs)
             Began as a Demonspawn Wizard on Oct 23, 2015.
             Succumbed to an adder's poison
             ... on level 1 of the Dungeon.
             The game lasted 00:02:36 (810 turns).

wvc the Magician (Demonspawn Wizard)                 Turns: 810, Time: 00:02:36

Health: 0/22       AC:  6    Str:  7    XL:     2   Next: 89%
Magic:  2/6        EV:  9    Int: 19    God:
Gold:   14         SH:  0    Dex: 11    Spells: 1 memorised, 6 levels left

rFire  . . .     SeeInvis .     i - +0 club
rCold  . . .     Clarity  .     j - +0 ring mail
rNeg   . . .     SustAt   .     (no shield)
rPois  .         Gourm    .     b - +0 hat
rElec  .         Spirit   .     k - +0 cloak
rCorr  .         Warding  .     (no gloves)
rMut   .         Stasis   .     (no boots)
MR     .....                    (no amulet)
Stlth  +.........               (no ring)
                                (no ring)

@: lethally poisoned (0 -> -6), very slightly contaminated, not resistant to
hostile enchantments, very unstealthy
A: horns 1
a: no special abilities


You were on level 1 of the Dungeon.
You were not hungry.

You visited 1 branch of the dungeon, and saw 2 of its levels.

You collected 14 gold pieces.

Inventory:

Hand Weapons
 f - a +0 dagger
 i - a +0 club (weapon)
Armour
 b - a +0 hat (worn)
 j - a +0 ring mail (worn)
 k - a +0 cloak (worn)
Scrolls
 e - 3 scrolls of identify {unknown}
 h - 2 scrolls of recharging {unknown}
Books
 c - a book of Minor Magic

   Spells                             Type                      Level
   a - Magic Dart                     Conjuration                  1
   b - Blink                          Translocation                2
   c - Call Imp                       Summoning                    2
   d - Repel Missiles                 Charms/Air                   2
   e - Slow                           Hexes                        2
   f - Conjure Flame                  Conjuration/Fire             3
   g - Mephitic Cloud                 Conjuration/Poison/Air       3
Comestibles
 d - a bread ration
 g - 2 fruits
 m - a beef jerky


   Skills:
 * Level 1.8 Fighting
 * Level 1.2 Maces & Flails
 + Level 0.3 Armour
 - Level 1.7 Dodging
 - Level 1.7 Stealth
 - Level 3.0 Spellcasting
 - Level 1.0 Conjurations
   Level 1.0 Summonings
   Level 0.8 Translocations


You had 6 spell levels left.
You knew the following spells:

 Your Spells              Type           Power        Failure   Level  Hunger
a - Magic Dart            Conj           #...         38%         1    None


Dungeon Overview and Level Annotations

Branches:
Dungeon (2/15)

Altars:


Innate Abilities, Weirdness & Mutations

You have a pair of small horns on your head.


Message History

You feel sick. The adder bites you but does no damage.
The adder completely misses you.
You miss the adder.
The adder is lightly wounded.
You feel sick. The adder bites you but does no damage.
You barely miss the adder. Your headbutt misses the adder.
The adder is lightly wounded.
* * * LOW HITPOINT WARNING * * *
You feel sick. The adder bites you but does no damage. The adder misses you.
You hit the adder. You headbutt the adder.
The adder is severely wounded.
* * * LOW HITPOINT WARNING * * *
You feel sick. The adder barely misses you.
You hit the adder but do no damage.
The adder is severely wounded.
The adder closely misses you. The adder bites you.
* * * LOW HITPOINT WARNING * * *
You barely miss the adder.
The adder is heavily wounded.
You die...

#.....##...# #.....##...#
#..........# ###..........#
.......).....# ###.####.....#
####### ..#..# #.....##
#.....#
..##.###......#####.....#
.......+....)...@S'.>...#
..###.##.......####.....#####
..# #.##.......##.#####.....#
..# #..####.......# #.###.#
### ##...##...###.# #.# #.#
#...##...# #.#####.# #.#
#...##...# #.......# #.#
#...##...# ######### #.#
#...###'######## #.#


You could see an adder.

Vanquished Creatures
  An adder (D:1)
  A giant gecko (D:1)
  3 goblins (D:1)
  3 hobgoblins (D:1)
  4 bats (D:1)
  A giant cockroach (D:1)
  2 giant newts (D:1)
  A kobold (D:1)
  A rat (D:1)
17 creatures vanquished.

Notes
Turn   | Place    | Note
--------------------------------------------------------------
     0 | D:1      | wvc the Demonspawn Wizard began the quest for the Orb.
     0 | D:1      | Reached XP level 1. HP: 13/13 MP: 4/4
   119 | D:1      | Reached skill level 1 in Fighting
   323 | D:1      | Gained mutation: You have a pair of small horns on your head. [demonic ancestry]
   323 | D:1      | Reached XP level 2. HP: 21/21 MP: 3/6
   413 | D:1      | Reached skill level 1 in Maces & Flails
   809 | D:1      | HP: 1/22 [adder (4)]
   810 | D:1      | Succumbed to an adder's poison

Vault maps used:
D:1:      minmay_arrival_radiant_lines
D:2:      tgw_fedhas, lexackson_kobold_supper, uniq_terence

Action                   || total
-------------------------++-------
Melee: Dagger            ||    23
       Club              ||    48
 Cast: Magic Dart        ||    22
  Use: Potion            ||     4
